 Dungeon Crawl Stone Soup version 0.28.0-43-g3370ac3207 (webtiles) character file.

Game seed: 16599574103495478897

224 pkoi the Conjurer (level 6, -9/36 HPs)
             Began as an Octopode Conjurer on Mar 17, 2022.
             Was an Initiate of Sif Muna.
             Mangled by Edmund
             ... wielding a +1 vorpal dire flail
              (15 damage)
             ... on level 4 of the Dungeon.
             The game lasted 00:05:36 (4361 turns).

pkoi the Conjurer (Octopode Conjurer)               Turns: 4361, Time: 00:05:37

Health: -9/36      AC:  1    Str:  7    XL:     6   Next: 0%
Magic:  2/10       EV: 13    Int: 28    God:    Sif Muna [......]
Gold:   165        SH:  5    Dex: 10    Spells: 2/11 levels left

rFire   . . .      SeeInvis .   c - +0 spear
rCold   . . .      Faith    .   (no shield)
rNeg    . . .      Spirit   .   (helmet restricted)
rPois   .          Reflect  +   d - amulet of reflection
rElec   .          Harm     .   k - +6 ring of intelligence
rCorr   .          Rampage  .   (no ring)
Will    .....                   (no ring)
Stlth   +++.......              (no ring)
HPRegen 0.12/turn               (no ring)
MPRegen 0.12/turn               (no ring)
                                (no ring)
                                (no ring)

@: no status effects
A: almost no armour, amphibious, 8 rings, camouflage 1, gelatinous body 1,
(nimble swimmer 1), tentacles
a: Renounce Religion


You were on level 4 of the Dungeon.
You worshipped Sif Muna.
Sif Muna was noncommittal.
You visited 1 branch of the dungeon, and saw 4 of its levels.

You collected 165 gold pieces.

Inventory:

Hand Weapons
 c - a +0 spear (weapon)
Jewellery
 d - an amulet of reflection (around mantle)
 k - a +6 ring of intelligence (left tentacle)
Scrolls
 e - a scroll of identify
Potions
 a - a potion of curing
 b - 2 potions of brilliance
 f - a potion of haste
 g - 2 potions of flight
 h - a potion of mutation
 i - a potion of heal wounds


   Skills:
 - Level 2.0 Dodging
 - Level 2.6 Stealth
 + Level 3.1 Spellcasting
 + Level 5.7 Conjurations
 + Level 1.7 Translocations
 + Level 0.9 Air Magic
 + Level 1.1 Poison Magic


You had 2 spell levels left.
You knew the following spells:

 Your Spells              Type           Power      Damage    Failure   Level
a - Magic Dart            Conj           100%       1d8       1%          1
b - Searing Ray           Conj           72%        2d7       1%          2
c - Iskenderun's Mystic   Conj/Tloc      25%        2d7       17%         4
d - Poisonous Vapours     Pois/Air       20%        N/A       8%          2

Your spell library contained the following spells:

 Spells                   Type           Power      Damage    Failure   Level
 Sting                    Tmut/Pois      28%        1d4       6%          1
 Slow                     Hex            16%        N/A       9%          1
 Ensorcelled Hibernation  Hex/Ice        8%         N/A       12%         2
 Dazzling Flash           Conj/Hex       40%        N/A       8%          3
 Portal Projectile        Hex/Tloc       18%        N/A       17%         3
 Call Canine Familiar     Summ           4%         N/A       24%         3
 Confusing Touch          Hex            4%         N/A       24%         3
 Tukima's Dance           Hex            4%         N/A       24%         3
 Vampiric Draining        Necr           4%         2d6       24%         3
 Fulminant Prism          Conj/Hex       10%        3d9       24%         4
 Olgreb's Toxic Radiance  Pois           11%        N/A       45%         4
 Lightning Bolt           Conj/Air       11%        1d24      50%         5
 Leda's Liquefaction      Hex/Erth       2%         N/A       63%         4
 Freezing Cloud           Conj/Ice/Air   8%         6-21      65%         5
 Lehudib's Crystal Spear  Conj/Erth      10%        10d4      100%        8
 Chain Lightning          Conj/Air       11%        3d15      100%        9


Dungeon Overview and Level Annotations

Branches:
Dungeon (4/15)
 Temple: D:4-7

Altars:
Sif Muna
Xom

Annotations:
D:2 Sigmund
D:4 Edmund


Innate Abilities, Weirdness & Mutations

You cannot wear most types of armour.
You are amphibious.
You can wear up to eight rings at the same time.
Your skin changes colour to match your surroundings (Stealth+).
Your rubbery body absorbs attacks. (AC +1, EV +1)
((You are camouflaged when in or above water. (Stealth+)))
You have tentacles for arms and can constrict up to eight enemies at once.


Message History

Edmund says, "People accused me of being a cutpurse!"
Casting: Poisonous Vapours (safe; 8% risk of failure)
Confirm with . or Enter, or press ? or * to list all spells.
Aiming: Poisonous Vapours (safe; 8% risk of failure)
Press: ? - help, Dir - move target, f/p - Edmund
Aim: Edmund, wielding a +1 vorpal dire flail and wearing a +0 ring mail (heavily wounded, poisoned)
You miscast Poisonous Vapours.
You are very lightly contaminated with residual magic.
Nothing appears to happen.
You block Edmund's attack.
Casting: Poisonous Vapours (safe; 8% risk of failure)
Confirm with . or Enter, or press ? or * to list all spells.
Aiming: Poisonous Vapours (safe; 8% risk of failure)
Press: ? - help, Dir - move target, f/p - Edmund
Aim: Edmund, wielding a +1 vorpal dire flail and wearing a +0 ring mail (heavily wounded, poisoned) Poisonous vapours surround Edmund!
Edmund looks even sicker.
Edmund hits you with a +1 vorpal dire flail!
* * * LOW HITPOINT WARNING * * *
x2 You hit Edmund.
You grab Edmund.
Edmund is severely wounded.
You constrict Edmund, but do no damage.
Edmund says, "You wouldn't believe how much I paid for this flail."
You block Edmund's attack.
Your magical contamination has completely faded away.
You hit Edmund. You tentacle-slap Edmund.
Edmund is severely wounded.
You constrict Edmund. Edmund closely misses you.
You hit Edmund but do no damage.
Edmund is almost dead.
You constrict Edmund, but do no damage.
Edmund looks more healthy.
Edmund barely misses you.
You hit Edmund but do no damage.
Edmund is almost dead.
You constrict Edmund, but do no damage.
Edmund hits you with a +1 vorpal dire flail.
* * * LOW HITPOINT WARNING * * *
x2 You hit Edmund but do no damage.
Edmund is almost dead.
You constrict Edmund, but do no damage. You block Edmund's attack.
Edmund hits you with a +1 vorpal dire flail!
You die...

.######+###...##
......'..
...............#
......#..
...............#
....@.#(.
...............# .....
#.. ...............#
..... #..
...............# ....
#.. ##.####.####.(##
#### #..
##+####.####..##
#....'...@@....+
+...#....#.........#
#...+....#.........# ##
#...##...#.........#
..##...##...##........#
.......#######...###..#
.......<....##'########
........†...#......#
............#......#


You could see Edmund.

Vanquished Creatures
  A scorpion (D:4)
  2 orc wizards
  4 adders
  2 worms (D:2)
  3 dart slugs
  2 orcs (D:3)
  7 ball pythons
  7 endoplasms
  4 giant cockroaches
  4 goblins
  5 hobgoblins
  4 kobolds (D:1)
  5 quokkas
  5 bats
  3 frilled lizards
  8 rats
66 creatures vanquished.

Notes
Turn   | Place    | Note
-------+----------+-------------------------------------------
     0 | D:1      | pkoi the Octopode Conjurer began the quest for the Orb.
     0 | D:1      | Reached XP level 1. HP: 11/11 MP: 3/3
   243 | D:1      | Reached XP level 2. HP: 17/17 MP: 1/5
   678 | D:1      | Learned a level 2 spell: Searing Ray
   994 | D:1      | Found a faded altar of an unknown god.
  1030 | D:1      | Reached XP level 3. HP: 21/21 MP: 4/6
  1102 | D:1      | Reached skill level 5 in Conjurations
  1530 | D:2      | Identified a scroll of acquirement
  2147 | D:2      | Found a shimmering altar of Xom.
  2163 | D:2      | Reached XP level 4. HP: 27/27 MP: 3/7
  2371 | D:2      | Noticed Sigmund
  2385 | D:1      | Learned a level 4 spell: Iskenderun's Mystic Blast
  2848 | D:3      | Reached skill level 1 in Translocations
  2848 | D:3      | Reached XP level 5. HP: 15/31 MP: 2/9
  3136 | D:3      | Acquired the Reference Book on Fetching Confrontation
  3141 | D:3      | Learned a level 2 spell: Poisonous Vapours
  4017 | D:4      | Found a shimmering blue altar of Sif Muna.
  4028 | D:4      | Became a worshipper of Sif Muna the Loreminder
  4108 | D:4      | Reached skill level 1 in Poison Magic
  4108 | D:4      | Reached XP level 6. HP: 36/36 MP: 5/10
  4309 | D:4      | Noticed Edmund
  4361 | D:4      | Mangled by Edmund

Illustrated notes

Levels and vault maps discovered:
D:1:      dpeg_arrival_radiant, layout_loops_ring,
          hellmonk_ecumenical_altar_crossroads
D:2:      layout_basic, serial_corexii_hall, corexii_hall_statues_i,
          chequers_hall_statues_corner_a, corexii_hall_statues_u,
          chequers_hall_statues_corner_a, basic_altar, uniq_crazy_yiuf_cottage,
          uniq_sigmund
D:3:      layout_rooms, minmay_fountain_box, minmay_curled_crystal
D:4:      layout_gridville, amcnicky_altar_gilded,
          minmay_temple_entry_stoned_glass, st_stairs_3, serial_bayou_pond_e,
          uniq_blork_the_orc, uniq_edmund

Skill      XL: |  1  2  3  4  5 |
---------------+----------------+-----
Conjurations   | 5 |  5.7
Translocations | 1 |  1.7
Spellcasting   | 3 |  3.1
Poison Magic   | 1 |  1.1
Dodging        | |  2.0
Stealth        | |  2.6
Air Magic      | |  0.9

Action                   |  1- 3 |  4- 6 || total
-------------------------+-------+-------++-------
Melee: Spear             |     7 |    21 ||    28
       Tentacles         |       |     3 ||     3
       Constrict         |       |     4 ||     4
       Punch             |       |     1 ||     1
 Cast: Magic Dart        |    68 |    65 ||   133
       Searing Ray       |       |     1 ||     1
       Poisonous Vapours |       |     6 ||     6
  Use: Scroll            |     6 |     7 ||    13
Dodge: Dodged            |     7 |     4 ||    11
Block: Other             |     3 |     8 ||    11
       Reflection        |       |     1 ||     1
